 Dungeon Crawl Stone Soup version 0.24-a0-250-g6074511 (webtiles) character file.

Game seed: 330943593301366541

8 Iscandelvey the Conjurer (level 2, 19/19 HPs)
             Began as a Demonspawn Conjurer on Apr 15, 2019.
             Quit the game on level 1 of the Dungeon.
             The game lasted 00:02:11 (990 turns).

Iscandelvey the Conjurer (Demonspawn Conjurer)       Turns: 990, Time: 00:02:12

Health: 19/19      AC:  4    Str:  8    XL:     2   Next: 0%
Magic:  5/5        EV: 12    Int: 16    God:
Gold:   76         SH:  0    Dex: 13    Spells: 4/5 levels left

rFire    . . .     SeeInvis .   f - +0 hunting sling
rCold    . . .     Gourm    .   (no shield)
rNeg     . . .     Faith    .   a - +0 robe
rPois    .         Spirit   .   (no helmet)
rElec    .         Reflect  .   (no cloak)
rCorr    .         Harm     .   (no gloves)
MR       .....                  (no boots)
Stlth    ++........             (no amulet)
HPRegen  0.06/turn              (no ring)
MPRegen  0.09/turn              (no ring)

@: no status effects
A: iridescent scales 1
a: no special abilities


You were on level 1 of the Dungeon.
You were hungry.

You visited 1 branch of the dungeon, and saw 1 of its levels.

You collected 76 gold pieces.

Inventory:

Hand Weapons
 f - a +0 hunting sling (weapon)
Missiles
 g - 2 javelins
 h - 14 sling bullets (quivered)
Armour
 a - a +0 robe (worn)
Jewellery
 d - a +2 ring of protection {unknown}
Scrolls
 b - 2 scrolls of remove curse {unknown}
 e - a scroll of identify {unknown}
 i - a scroll of fear {unknown}
 k - a scroll of fog {unknown}
Potions
 j - a potion of invisibility {unknown}
Comestibles
 c - 5 rations


   Skills:
 + Level 0.3 Slings
 + Level 2.1 Dodging
 + Level 1.7 Stealth
 + Level 0.1 Unarmed Combat
 + Level 2.0 Spellcasting
 + Level 4.1 Conjurations


You had 4 spell levels left.
You knew the following spells:

 Your Spells              Type           Power        Failure   Level  Hunger
a - Magic Dart            Conj           ##..         3%          1    #......

Your spell library contained the following spells:

 Spells                   Type           Power        Failure   Level  Hunger
 Searing Ray              Conj           ##....       6%          2    ###....
 Dazzling Spray           Conj/Hex       #.....       26%         3    ###....
 Iskenderun's Mystic Bla  Conj           ##......     36%         4    #####..
 Force Lance              Conj/Tloc      #.......     65%         4    #####..
 Fulminant Prism          Conj/Hex       #.........   65%         4    #####..


Dungeon Overview and Level Annotations

Branches:
Dungeon (1/15)

Altars:
Ashenzari


Innate Abilities, Weirdness & Mutations

You are partially covered in iridescent scales. (AC +2)


Message History

Your demonic ancestry asserts itself...
Iridescent scales grow over part of your body.
h - 14 sling bullets (gained 1)
Things that are here:
a cursed -2 dagger; a goblin corpse You now have 76 gold pieces (gained 12).
Things that are here:
a cursed -2 dagger; a goblin corpse You see here a giant cockroach corpse.
There is a stone staircase leading down here.
There is a stone staircase leading down here.
There is an open door here.
As you open the door, it creaks loudly!
You are feeling hungry.
There is an open door here.
You open the door.
There is an open door here.
c - 5 rations (gained 1) Done exploring.
Are you sure you want to abandon this character and quit the game? (Confirm with "yes".)

##.# #........#.###.#... #.#
#.....##.#.# #.##.# ##.##
####...######## #.##.# #...#
#......# #...# #.##.# #...#
#......# #.<.####.##.#
#...########.######
#...##....... #.........##.#
###'###.####.#
#...#####.##.# #####.....#.#
#.#
>.........##.###@..#.....#.#
#.#
...............#.8.'..⌠..'.#
#..
..........##.###...#.....###
##. #.........##.#
#####.....# #>
#...#####.##.# ###'### #.
#...# #.##.#### #...# #.
#...# #.##.##.# #.8.# #.
#...# #.......# #...# #.
##.###
####.###################.


There were no monsters in sight!

Vanquished Creatures
  2 giant cockroaches (D:1)
  A goblin (D:1)
  3 bats (D:1)
  A frilled lizard (D:1)
  A rat (D:1)
8 creatures vanquished.

Notes
Turn   | Place    | Note
-------+----------+-------------------------------------------
     0 | D:1      | Iscandelvey the Demonspawn Conjurer began the quest for the
                  | Orb.
     0 | D:1      | Reached XP level 1. HP: 13/13 MP: 3/3
   286 | D:1      | Found a shattered altar of Ashenzari.
   853 | D:1      | Gained mutation: You are partially covered in iridescent
                  | scales. (AC +2) [demonic ancestry]
   853 | D:1      | Reached XP level 2. HP: 19/19 MP: 5/5
   990 | D:1      | Quit the game

Levels and vault maps discovered:
D:1:      minmay_arrival_stair_chambers, layout_loops_cross,
          chequers_serial_rivers_large_b, ashenzari_altar_1

Skill      XL: |  1 |
---------------+----+-----
Dodging        | 2 |  2.1
Slings         | |  0.3
Stealth        | |  1.7
Unarmed Combat | |  0.1
Spellcasting   | |  2.0
Conjurations   | |  4.1

Action                   || total
-------------------------++-------
Melee: Unarmed           ||    34
       Hunting sling     ||     2
 Fire: Hunting sling     ||     6
 Cast: Magic Dart        ||    14
Armor: Robe              ||    22
Dodge: Dodged            ||    36

Table legend:
 A = Non-vault XP
 B = Vault XP
 C = Vault XP percentage of total XP
 D = Non-vault monster count
 E = Vault monster count
 F = Vault count percentage of total count
                 A         B        C        D         E       F
            +---------+---------+-------+---------+---------+-------
      Total |      12 |       0 |   0.0 |       8 |       0 |   0.0
            +---------+---------+-------+---------+---------+-------
        D:1 |      12 |       0 |   0.0 |       8 |       0 |   0.0
            +---------+---------+-------+---------+---------+-------
